[Event "Late-Titled-Tuesday-Blitz-February-27-2024"]
[Site "Chess.com"]
[Date "2024.02.27"]
[Round "5"]
[White "rasmussvane"]
[Black "KuzubovYuriy"]
[Result "0-1"]
[WhiteElo "2932"]
[BlackElo "2950"]
[TimeControl "180+1"]
[EndTime "14:56:58 PST"]
[Termination "KuzubovYuriy won on time"]

1. d4 Nf6 2. Nf3 e6 3. Bf4 Be7 4. h3 b6 5. e3 Bb7 6. Bd3 O-O 7. O-O c5 8. c3 d6 9. Re1 Nc6 10. Nbd2 Rc8 11. Qe2 Re8 12. Bh2 Bf8 13. a4 Qe7 14. Rad1 Red8 15. Bg3 Qe8 16. Bb5 Ra8 17. Bd3 d5 18.
Ne5 Nxe5 19. dxe5 Ne4 20. Nxe4 dxe4 21. Bc2 Be7 22. Bf4 Rxd1 23. Rxd1 Rd8 24. Rxd8 Qxd8 25. Qg4 Qd2 26. Qd1 Qxd1+ 27. Bxd1 c4 28. Kf1 Bd5 29.
Ke2 Kf8 30. Bc2 Ke8 31. f3 exf3+ 32. gxf3 h5 33. Bg3 g5 34. e4 Bc6 35. f4 gxf4 36. Bxf4 Kf8 37. Kf3 Kg7 38. Be3 Kg6 39. a5 bxa5 40.
Bxa7 Bg5 41. Be3 h4 42. Bf4 Be7 43. Kg4 a4 44. Be3 Bd8 45. Bf2 Bg5 46. Bc5 Bd7 47.
Ba3 f6 48. exf6 e5+ 49. Kf3 Bxh3 50. Bxa4 Be6 51. Bc6 Bxf6 52. Kg2 h3+ 53. Kf3 Bg4+ 54. Kg3 Bh4+ 55. Kh2 Bg5 0-1

[Event "Late-Titled-Tuesday-Blitz-February-27-2024"]
[Site "Chess.com"]
[Date "2024.02.27"]
[Round "5"]
[White "IngOscarArdila"]
[Black "noblerone"]
[Result "0-1"]
[WhiteElo "2287"]
[BlackElo "2467"]
[TimeControl "180+1"]
[EndTime "14:56:59 PST"]
[Termination "noblerone won by resignation"]

1. d4 d5 2. c4 c6 3. cxd5 cxd5 4.
Nc3 Nf6 5. Nf3 Nc6 6. Bf4 Bf5 7. e3 e6 8. Bd3 Bxd3 9. Qxd3 Bd6 10. Bxd6 Qxd6 11.
O-O O-O 12. a3 Na5 13. Nd2 Rac8 14. Rfc1 Nc4 15. Nxc4 dxc4 16. Qe2 a6 17. Qf3 b5 18. Rd1 h6 19. Rac1 Qb6 20. d5 exd5 21. Nxd5 Nxd5 22. Rxd5 Rcd8 23. Rcd1 Rxd5 24. Qxd5 Rc8 25. Kf1 a5 26.
Qd7 Rb8 27. Rd6 Qc5 28. Rc6 Qe5 29. Rc7 Qxb2 30. Qxf7+ Kh8 31. g4 Qe5 32. h4 Qa1+ 33.
Kg2 Qf6 34. Qxf6 gxf6 35. Rc5 Kg7 36. Kf3 Kf7 37. Ke4 Ke6 38. Kd4 Kd6 39. Rd5+ Kc6 40.
Rf5 Rd8+ 41. Kc3 Rd3+ 42. Kc2 Rd6 43. f4 Re6 44. e4 b4 45. axb4 axb4 46. e5 fxe5 47.
fxe5 Kd5 48. g5 hxg5 49. Rxg5 Rxe5 50. Rg8 Re2+ 51. Kd1 Rh2 52. Rg5+ Kd4 53. Rg4+ Kc3 54. Rg3+ Kb2 55. Rg4 Kb3 56. Rg3+ c3 57. h5 Rxh5 58. Rg8 Rh1+ 59. Ke2 c2 0-1

[Event "Late-Titled-Tuesday-Blitz-February-27-2024"]
[Site "Chess.com"]
[Date "2024.02.27"]
[Round "5"]
[White "Tunahan_Makaraci"]
[Black "ElHelvetico"]
[Result "1-0"]
[WhiteElo "2576"]
[BlackElo "2736"]
[TimeControl "180+1"]
[EndTime "14:57:00 PST"]
[Termination "Tunahan_Makaraci won by resignation"]

1. e4 g6 2. d4 Bg7 3. Nc3 c6 4.
Nf3 d5 5. h3 dxe4 6. Nxe4 Nf6 7. Bd3 Nxe4 8. Bxe4 Bf5 9. Qd3 Bxe4 10. Qxe4 Qd5 11. Qxd5 cxd5 12. Ke2 Nc6 13. c3 O-O-O 14. Bf4 f6 15. Rad1 e5 16. dxe5 fxe5 17. Bg5 Rd7 18. Rhe1 h6 19. Bc1 e4 20. Nd4 Ne5 21. Ne6 Nd3 22.
Rf1 Be5 23. f4 Bf6 24. f5 g5 25. g4 Kb8 26. Rxd3 exd3+ 27. Kxd3 Rc8 28. Be3 Rf7 29. Bf2 Rc4 30. Re1 b6 31. Bd4 Kc8 32. Bxf6 Rxf6 33. Re5 Ra4 34. a3 Rf7 35. Ke3 Rd7 36. Nd4 Kd8 37. Kd3 Rc4 38. f6 Rc8 39. Ne6+ Ke8 40. Nc5+ Kd8 41. Nxd7 Kxd7 42. Re7+ Kd6 43. Rxa7 Rf8 44. f7 Ke5 45. a4 Kf4 46. Kd4 Kg3 47. Kxd5 Kxh3 48. Ke6 Kxg4 49. Ke7 Rc8 50. f8=Q Rxf8 51.
Kxf8 h5 52. Rh7 h4 53. b4 Kh3 54. a5 bxa5 55. bxa5 g4 56. a6 g3 57. a7 g2 58.
Rg7 Kh2 59. Rxg2+ Kxg2 60. a8=Q+ 1-0

[Event "Late-Titled-Tuesday-Blitz-February-27-2024"]
[Site "Chess.com"]
[Date "2024.02.27"]
[Round "5"]
[White "Flaccidmoves"]
[Black "Eeleyah"]
[Result "0-1"]
[WhiteElo "2455"]
[BlackElo "2342"]
[TimeControl "180+1"]
[EndTime "14:57:03 PST"]
[Termination "Eeleyah won by resignation"]

1. Nf3 d5 2. d4 Nf6 3. c4 e6 4.
Nc3 Nbd7 5. Bg5 Bb4 6. e3 c5 7. dxc5 Qa5 8. Bxf6 Nxf6 9. Qb3 Ne4 10. Rc1 Bd7 11. a3 Bxc3+ 12. bxc3 O-O 13. cxd5 exd5 14. Be2 Be6 15. Qb4 Qxc5 16. O-O b6 17. c4 a5 18. Qxc5 Nxc5 19. cxd5 Bxd5 20. Rfd1 Rfd8 21. Nd4 g6 22. f3 Kg7 23. e4 Nb3 24. exd5 Nxc1 25.
Rxc1 Rxd5 26. Nb3 b5 27. Kf2 b4 28. axb4 axb4 29. Rc4 Rb5 30. Rc7 Rb6 31. Bc4 Rf8 32.
g4 h5 33. g5 Kh8 34. Ke3 f6 35. h4 fxg5 36. hxg5 h4 37. Bd5 h3 38. f4 Rd6 39.
Bf3 Re6+ 40. Be4 h2 41. Rc1 Rfe8 42. Nd2 Rd8 43. Rh1 Rxd2 44. Kxd2 Rxe4 45. Rxh2+ Kg7 46. Rf2 Rd4+ 47. Ke3 Rc4 48. Rb2 Kf7 49. Rd2 Ke6 50. Rd8 Kf5 51. Rf8+ Kg4 52. Rf6 b3 53. Rb6 Rxf4 54. Rxg6 Rb4 55. Rb6 Rxb6 0-1

[Event "Late-Titled-Tuesday-Blitz-February-27-2024"]
[Site "Chess.com"]
[Date "2024.02.27"]
[Round "5"]
[White "Firouzja2003"]
[Black "platy3"]
[Result "1/2-1/2"]
[WhiteElo "3066"]
[BlackElo "2942"]
[TimeControl "180+1"]
[EndTime "14:57:04 PST"]
[Termination "Game drawn - insufficient material"]

1. d4 Nf6 2. Bg5 d5 3. e3 c6 4. Bd3 Bg4 5. f3 Bh5 6. Ne2 Bg6 7. Nbc3 Nbd7 8. e4 dxe4 9. Nxe4 e6 10. Nxf6+ Nxf6 11. Bxg6 hxg6 12. Qd2 a5 13. O-O-O a4 14. Kb1 Qa5 15. Qxa5 Rxa5 16. Bd2 Ra8 17. c4 Bd6 18. h3 Ke7 19. Rhe1 Rhd8 20. Nc3 Bg3 21. Rf1 Rxd4 22. Ne2 Rxd2 23. Rxd2 Bd6 24. Rfd1 Bc5 25. Nc1 e5 26.
Nd3 Bd4 27. Re2 Nd7 28. f4 f6 29. fxe5 fxe5 30. Nf4 Kf7 31. Ne6 Kxe6 32. Rxd4 Nf6 33.
Kc2 e4 34. Kc3 Ke5 35. Rd1 Nh5 36. Rde1 Ng3 37. Re3 Kf4 38. Kb4 Re8 39. Kxa4 Nf5 40. g3+ Nxg3 41. Ka5 Ra8+ 42. Kb6 Rxa2 43. b4 Rb2 44. b5 cxb5 45. cxb5 g5 46. Rc3 g6 47. Rg1 Nf5 48. Rg4+ Ke5 49. Rxg5 e3 50. Rxe3+ Kf4 51. Rxf5+ gxf5 52. Re7 Kg3 53. Rxb7 Kxh3 54. Kc5 f4 55.
Rh7+ Kg3 56. Rg7+ Kf2 57. b6 f3 58. b7 Kf1 59. Kc6 f2 60. Rf7 Rxb7 61. Kxb7 Ke1 62.
Rxf2 Kxf2 1/2-1/2

[Event "Late-Titled-Tuesday-Blitz-February-27-2024"]
[Site "Chess.com"]
[Date "2024.02.27"]
[Round "5"]
[White "wild3000"]
[Black "ukchessbomber"]
[Result "1-0"]
[WhiteElo "2487"]
[BlackElo "2634"]
[TimeControl "180+1"]
[EndTime "14:57:04 PST"]
[Termination "wild3000 won on time"]

1. e4 c5 2. Nf3 a6 3. g3 Nc6 4.
Bg2 e5 5. O-O d6 6. c3 g6 7. d4 cxd4 8. cxd4 Bg7 9. dxe5 Nxe5 10. Nc3 Ne7 11. Nxe5 Bxe5 12. Bh6 Ng8 13. Be3 Nf6 14. f4 Bxc3 15. bxc3 O-O 16. Bd4 Re8 17. f5 Nxe4 18. fxg6 hxg6 19. Qf3 Bf5 20. Qf4 Qg5 21. Qxg5 Nxg5 22. Bxb7 Rab8 23. Bg2 Rb2 24. Rae1 Ree2 25. Rxe2 Rxe2 26. a4 Nh3+ 27. Kh1 Ng5 28. h4 Ne4 29. Kh2 Nd2 30. Rf2 Rxf2 31. Bxf2 Bc2 32. a5 Nb3 33. Bb6 Kf8 34. Bf1 Nd2 35. Bxa6 Be4 36. Bc8 Nf3+ 37. Kh3 Ne5 38. a6 Nc4 39. Bd4 Na5 40. a7 Ba8 41.
Ba6 Ke7 42. g4 Nc6 43. h5 gxh5 44. gxh5 f6 45. Kh4 Kf7 46. Bd3 Kg7 47. Be3 Ne5 48. h6+ Kh8 49. Bf5 Nf3+ 50. Kg3 Ne5 51. Kf4 Nc6 52.
Bd4 1-0

[Event "Late-Titled-Tuesday-Blitz-February-27-2024"]
[Site "Chess.com"]
[Date "2024.02.27"]
[Round "5"]
[White "ninguno46"]
[Black "chedimir"]
[Result "1/2-1/2"]
[WhiteElo "2584"]
[BlackElo "2465"]
[TimeControl "180+1"]
[EndTime "14:57:04 PST"]
[Termination "Game drawn by stalemate"]

1. e4 c5 2. Nc3 Nc6 3. f4 g6 4. Nf3 Bg7 5. g3 d6 6. Bg2 Nf6 7. d3 O-O 8. h3 Nd4 9. O-O Rb8 10.
Nxd4 cxd4 11. Ne2 e5 12. f5 d5 13. g4 dxe4 14. dxe4 gxf5 15. exf5 Nd5 16. g5 f6 17. c3 fxg5 18. Qb3 Bxf5 19. Qxd5+ Qxd5 20. Bxd5+ Kh8 21. Bg2 h6 22. Bd2 b5 23. Ng3 Bg6 24. cxd4 exd4 25.
Rxf8+ Rxf8 26. Nf1 Rc8 27. Rc1 Rc4 28. b3 Rxc1 29.
Bxc1 Bb1 30. a3 a5 31. b4 axb4 32. axb4 Bf5 33. Ng3 Be6 34. Bd2 Kg8 35. Ne4 Be5 36. Kf1 Kg7 37. Ke1 Bc4 38. Bf1 d3 39. Bc3 Bxc3+ 40. Nxc3 Kf6 41. Kd2 Ke5 42. Bxd3 Kd4 43.
Nxb5+ Kd5 44. Nc3+ Kd4 45. Bxc4 Kxc4 46. b5 Kc5 47.
Kd3 h5 48. Ke3 Kb6 49. Ne4 g4 50. h4 Kxb5 51. Ng3 Kc5 52. Kf4 Kd5 53. Nxh5 Ke6 54. Kxg4 Kf7 55. Kg5 Kg8 56. Kh6 Kh8 57. Nf6 1/2-1/2

[Event "Late-Titled-Tuesday-Blitz-February-27-2024"]
[Site "Chess.com"]
[Date "2024.02.27"]
[Round "5"]
[White "ChessSwole"]
[Black "Machidon"]
[Result "1/2-1/2"]
[WhiteElo "2689"]
[BlackElo "2502"]
[TimeControl "180+1"]
[EndTime "14:57:05 PST"]
[Termination "Game drawn - insufficient material"]

1. d4 c5 2. d5 e5 3. Nc3 d6 4. e4 Be7 5. Nf3 Nf6 6. h3 O-O 7. Be2 a6 8. a4 Ne8 9. Nd2 g6 10. Nc4 f5 11. Bh6 Ng7 12. exf5 gxf5 13. g4 Bh4 14. gxf5 Bxf5 15. Rh2 Qf6 16. Qd2 Bxc2 17. Bxg7 Bxf2+ 18. Kf1 Kxg7 19. Kg2 Bg6 20. Rf1 Nd7 21. Kh1 Qh4 22. Bg4 Bg3 23. Rxf8 Nxf8 24. Nxd6 Bxh2 25. Kxh2 Rd8 26. Nxb7 Rb8 27. Nxc5 Qf6 28. N5e4 Qf4+ 29. Qxf4 exf4 30. d6 Rxb2+ 31. Kg1 Rb4 32. Nc5 Rd4 33. d7 h5 34. Be6 Kf6 35. Nd5+ Rxd5 36. Bxd5 Ke7 37.
Bc6 Bf5 38. a5 Nxd7 39. Bxd7 Bxd7 40. Nxa6 Bxh3 41. Nc5 Kd6 42. Nd3 f3 43. Kf2 Bg4 44. a6 Kc7 45. Ne5 Kb6 46. Nxf3 Kxa6 47. Ne5 Kb6 48. Kg3 Kc5 49. Nxg4 hxg4 50. Kxg4 1/2-1/2

[Event "Late-Titled-Tuesday-Blitz-February-27-2024"]
[Site "Chess.com"]
[Date "2024.02.27"]
[Round "5"]
[White "LUISMIGUELOV"]
[Black "Tugrik1969"]
[Result "0-1"]
[WhiteElo "2178"]
[BlackElo "2394"]
[TimeControl "180+1"]
[EndTime "14:57:05 PST"]
[Termination "Tugrik1969 won on time"]

1. d4 d5 2. c3 Nf6 3. Bg5 Nbd7 4. Nd2 g6 5. e3 Bg7 6. Bd3 O-O 7. h4 e5 8. dxe5 Nxe5 9. Be2 h5 10.
Ngf3 Neg4 11. Nd4 c6 12. N2f3 Re8 13. Qc2 c5 14. Nb3 Bf5 15. Qd2 Qb6 16. Bxf6 Nxf6 17. O-O a5 18. Ng5 a4 19. Nc1 Rad8 20. Bd3 Ne4 21.
Bxe4 dxe4 22. Qc2 f6 23. Qxa4 fxg5 24. hxg5 Qxb2 25. Qb3+ Qxb3 26. Nxb3 b6 27. Rac1 Be6 28. c4 Bg4 29. Rc2 Rd1 30. Rxd1 Bxd1 31. Rd2 Bxb3 32. axb3 Ra8 33. g3 Ra1+ 34. Kg2 Rb1 35. Rd6 Rxb3 36. Rxg6 b5 37. cxb5 c4 38. Rc6 c3 39. b6 Be5 40.
g6 Kg7 41. Kh3 Bf6 42. g4 hxg4+ 43. Kxg4 Kxg6 44. Kf4 Rb4 45. f3 exf3+ 46. Kxf3 Kf5 47. e4+ Kg5 48. Rc5+ Kg6 49. Rc6 Kf7 50. Kf4 Rb5 51.
Ke3 Ke7 52. Kd3 Be5 0-1

[Event "Late-Titled-Tuesday-Blitz-February-27-2024"]
[Site "Chess.com"]
[Date "2024.02.27"]
[Round "5"]
[White "trriinu"]
[Black "protectiago"]
[Result "1-0"]
[WhiteElo "2251"]
[BlackElo "2081"]
[TimeControl "180+1"]
[EndTime "14:57:09 PST"]
[Termination "trriinu won by checkmate"]

1. e4 e5 2. Nc3 Nc6 3. g3 Bc5 4. Bg2 d6 5. Na4 Bb6 6. Nxb6 axb6 7. Ne2 Nge7 8. O-O O-O 9. d4 Ng6 10. h4 Bg4 11. f3 Bd7 12. h5 Nge7 13. Bg5 h6 14. Bh4 Qe8 15. d5 Nb8 16. g4 Bb5 17.
b3 Bxe2 18. Qxe2 Nd7 19. f4 exf4 20. Rxf4 Nxd5 21. Rf5 N5f6 22. g5 hxg5 23. Bxg5 Nh7 24. Bd2 Ne5 25. Kh1 Qc6 26. c4 g6 27. Rf2 Rae8 28.
Bh6 Qc5 29. Bxf8 Nxf8 30. Raf1 Nc6 31. Rxf7 Qxh5+ 32. Qxh5 gxh5 33. Rxc7 Ne6 34. Rxb7 Ng5 35. Rxb6 Ne5 36. Rxd6 Ng4 37. Rg6+ Kh7 38. Rxg5 Kh6 39. Rb5 Ne3 40. Rb6+ Kg5 41. Rf5+ Nxf5 42. exf5 Kxf5 43. Rb5+ Kg4 44. Kh2 h4 45. Rb7 Re2 46. Rg7+ Kf5 47. a4 Rb2 48. Rb7 Ke5 49. Kh3 Kd4 50.
Bd5 Kc5 51. Kxh4 Rb1 52. Kg5 Rf1 53. Kg4 Rb1 54. Kg3 Rb2 55. Kf4 Rb1 56. Ke5 Rb2 57.
Be4 Rb1 58. Rb5# 1-0

[Event "Late-Titled-Tuesday-Blitz-February-27-2024"]
[Site "Chess.com"]
[Date "2024.02.27"]
[Round "5"]
[White "GlavkonVVS"]
[Black "AlexeiShirov"]
[Result "0-1"]
[WhiteElo "2518"]
[BlackElo "2848"]
[TimeControl "180+1"]
[EndTime "14:57:11 PST"]
[Termination "AlexeiShirov won on time"]

1. c4 c6 2. g3 d5 3. Bg2 Nf6 4. b3 dxc4 5. bxc4 Qd4 6. Nc3 Qxc4 7. Rb1 Na6 8. Ba3 e6 9. Bxf8 Kxf8 10. Nf3 g6 11. O-O Kg7 12. Qc1 Rd8 13. d3 Qc5 14. Qb2 Kg8 15. Rfc1 Qe7 16. Ne5 Nd5 17. Ne4 f6 18. Ng4 e5 19. Ne3 Nxe3 20. fxe3 f5 21.
Nd2 Nc7 22. Nc4 Re8 23. Na5 Nd5 24. Qb3 Qf7 25. e4 Nb6 26. Qb2 f4 27. Rf1 g5 28.
e3 Bg4 29. exf4 exf4 30. gxf4 gxf4 31. Qf2 Rf8 32. Qh4 Qg7 33. Kh1 f3 34. Bh3 h5 35.
Bxg4 hxg4 36. Rg1 Rf4 37. Rg3 Raf8 38. Rf1 f2 39. h3 Nd7 40. Rxg4 Rxg4 41. Qxg4 Qxg4 42.
hxg4 Ne5 43. Kg2 Nxg4 44. Kg3 Ne5 45. Rxf2 Rxf2 46. Kxf2 Nxd3+ 47. Ke3 Nc5 48. Kd4 Ne6+ 49. Ke5 Nc5 50. Kd4 Ne6+ 51. Ke5 Nd8 52. Kd6 c5 53.
Kc7 b6 54. Nc4 Ne6+ 55. Kd6 Kf7 56. a4 Nd4 0-1

[Event "Late-Titled-Tuesday-Blitz-February-27-2024"]
[Site "Chess.com"]
[Date "2024.02.27"]
[Round "5"]
[White "aghasiyevkamal"]
[Black "The_Machine04"]
[Result "0-1"]
[WhiteElo "2620"]
[BlackElo "2814"]
[TimeControl "180+1"]
[EndTime "14:57:12 PST"]
[Termination "The_Machine04 won by resignation"]

1. d4 d6 2. Nf3 Nf6 3. g3 Nbd7 4. Bg2 e5 5. O-O Be7 6. c4 O-O 7. Nc3 c6 8. e4 a6 9. Re1 b5 10. a3 Bb7 11. cxb5 cxb5 12. Nh4 Re8 13. Nf5 Bf8 14.
Nd5 Nxd5 15. exd5 Nf6 16. dxe5 dxe5 17. Bg5 h6 18. Bxf6 Qxf6 19. Ne3 Bc5 20. Rc1 Bd4 21. Rc7 Qb6 22. Rxb7 Qxb7 23. d6 Qd7 24. Bxa8 Rxa8 25. Qf3 Rd8 26. Nf5 g6 27. Nxd4 exd4 28. Re7 Qf5 29. Qc6 Kg7 30. d7 d3 31. Qd6 Qf6 32.
Qxf6+ Kxf6 33. Re1 Rxd7 34. Kg2 d2 35. Rd1 Ke5 36.
Kf3 Rd3+ 37. Ke2 Ke4 38. Rxd2 Rxd2+ 39. Kxd2 Kf3 40. Ke1 g5 41. Kf1 g4 42. Kg1 Ke2 43. Kg2 h5 44. Kg1 a5 45. Kg2 a4 46. Kg1 Kd2 47.
f4 gxf3 48. Kf2 Kc2 49. Kxf3 Kxb2 50. g4 hxg4+ 51. Kxg4 Kxa3 52. h4 b4 53. h5 b3 54. h6 b2 55. h7 b1=Q 56. h8=Q Qg6+ 57. Kf3 Qe6 58. Qe8 Qb3+ 59. Ke2 Ka2 60. Qe5 a3 61. Kd2 Qb2+ 0-1

[Event "Late-Titled-Tuesday-Blitz-February-27-2024"]
[Site "Chess.com"]
[Date "2024.02.27"]
[Round "5"]
[White "wqws"]
[Black "Brahianzevich"]
[Result "1-0"]
[WhiteElo "2682"]
[BlackElo "2489"]
[TimeControl "180+1"]
[EndTime "14:57:12 PST"]
[Termination "wqws won on time"]

1. e4 c5 2. Nf3 d6 3. d4 cxd4 4. Nxd4 Nf6 5. Nc3 a6 6. Bg5 e6 7. f4 h6 8. Bh4 Qb6 9. a3 Be7 10. Bf2 Qc7 11. Qf3 Nbd7 12. O-O-O b5 13. Bd3 Bb7 14.
Kb1 Rc8 15. g4 g5 16. h4 gxf4 17. g5 Ne5 18. Qxf4 hxg5 19. hxg5 Rxh1 20. Rxh1 Nfd7 21. Nf3 Ng6 22. Qg3 Nde5 23. Nxe5 dxe5 24. Rh7 Bxa3 25. Be2 Bc5 26. Bh5 Nf4 27. Bxf7+ Qxf7 28. Rxf7 Kxf7 29. Bxc5 Rxc5 30. Qh4 Kg8 31. g6 Nxg6 32. Qf6 Nf8 33. Qe7 Rxc3 34. Qxb7 Rc4 35. b3 Rd4 36. c3 Rd3 37.
Kc2 Re3 38. Kd2 Rf3 39. Qxa6 Rf2+ 40. Ke3 Rh2 41. Qxb5 Rh3+ 42. Kd2 Ng6 43. Qe8+ Kg7 44. Qxe6 Rh2+ 45. Kc1 Rf2 46. b4 Nf4 47. Qxe5+ Kg6 48. Qf5+ Kh6 49. Qf6+ Kh5 50. Qd8 Kg4 51. b5 Kf3 52. b6 Ke3 53. b7 Nd3+ 54. Qxd3+ Kxd3 55. b8=Q Kxe4 56. Qb4+ Kd3 57. Qd4+ Ke2 58. c4 Rf1+ 59. Kc2 1-0

[Event "Late-Titled-Tuesday-Blitz-February-27-2024"]
[Site "Chess.com"]
[Date "2024.02.27"]
[Round "5"]
[White "temus_galaktionov"]
[Black "Goryachkina"]
[Result "1-0"]
[WhiteElo "2913"]
[BlackElo "2687"]
[TimeControl "180+1"]
[EndTime "14:57:15 PST"]
[Termination "temus_galaktionov won on time"]

1. d4 Nf6 2. Nf3 d5 3. c4 e6 4. Nc3 Nbd7 5. Bf4 dxc4 6. e3 Bd6 7. Bxd6 cxd6 8. Bxc4 Nb6 9. Bd3 Bd7 10. O-O O-O 11.
e4 Bc6 12. Qe2 h6 13. Rac1 Rc8 14. h3 Re8 15. Rfd1 Qe7 16. e5 dxe5 17. dxe5 Nfd7 18. Ne4 Bxe4 19. Qxe4 Nf8 20. Nd4 a6 21. Nb3 Nd5 22.
a3 Red8 23. Rxc8 Rxc8 24. Bc4 Nb6 25. Be2 Ng6 26. Bf3 Nd5 27. Qd4 Rd8 28. g3 Qc7 29.
Re1 Ndf4 30. Qe4 Nxh3+ 31. Kg2 Ng5 32. Qxb7 Qc2 33. Re2 Qf5 34. Rd2 Rxd2 35. Nxd2 Nxe5 36. Be2 a5 37. Qa8+ Kh7 38. Qxa5 Qh3+ 39. Kg1 Ng4 40. Bxg4 Qxg4 41. Qc3 Qd1+ 42. Kg2 Qe2 43. Qe3 Qd1 44. b4 f5 45. Nf3 Ne4 46. b5 Qb1 47. b6 Qb5 48. Ng1 Qd5 49. Nf3 Ng5 50. a4 Qb7 51. a5 e5 52. Qe2 f4 53. gxf4 exf4 54. Qd3+ g6 55. Qc3 1-0

[Event "Late-Titled-Tuesday-Blitz-February-27-2024"]
[Site "Chess.com"]
[Date "2024.02.27"]
[Round "5"]
[White "Beca95"]
[Black "vi_pranav"]
[Result "1/2-1/2"]
[WhiteElo "2938"]
[BlackElo "3108"]
[TimeControl "180+1"]
[EndTime "14:57:18 PST"]
[Termination "Game drawn by repetition"]

1. d4 f5 2. Bg5 Nf6 3. Bxf6 exf6 4.
e3 d5 5. c4 c6 6. Nc3 Be6 7. Qb3 Qd7 8. cxd5 cxd5 9. Nge2 Bd6 10. Nb5 Nc6 11. Nxd6+ Qxd6 12. g3 O-O 13. Bg2 Na5 14. Qc3 b6 15. O-O Rac8 16. Qd3 g6 17. Rfc1 Nc6 18. Qd2 Ne7 19. Nf4 Bf7 20. Rxc8 Rxc8 21.
Rc1 Qd7 22. h4 h5 23. Rc3 Kg7 24. Qc1 Rxc3 25. Qxc3 Qd6 26. a3 Qd7 27. Kf1 Qb5+ 28. Ke1 Qd7 29. Kd2 Nc6 30. b4 Ne7 31. Bf1 Nc8 32. Bg2 Nd6 33. Qb3 Nc4+ 34. Ke2 a5 35. b5 Qd6 36. a4 g5 37. Nd3 Qe7 38. Qc3 g4 39. Nf4 Qd6 40. Kd3 Qd7 41. Nxd5 Bxd5 42.
Bxd5 Ne5+ 43. dxe5 Qxd5+ 44. Qd4 Qb3+ 45. Ke2 Qc2+ 46.
Kf1 Qb1+ 47. Ke2 Qc2+ 48. Kf1 Qb1+ 49. Kg2 Qe4+ 50. Kg1 Qxd4 51. exd4 fxe5 52. dxe5 Kf7 53. f4 gxf3 54. Kf2 Ke6 55. Kxf3 Kxe5 56. Ke3 Ke6 57. Ke2 Ke5 58. Ke3 Ke6 59. Ke2 Kd5 60.
Kd3 Kc5 61. Kc3 Kd5 62. Kd3 Kc5 63. Kc3 Kd5 64. Kd3 1/2-1/2

[Event "Late-Titled-Tuesday-Blitz-February-27-2024"]
[Site "Chess.com"]
[Date "2024.02.27"]
[Round "5"]
[White "marcodobrikov"]
[Black "Evgeny81"]
[Result "1/2-1/2"]
[WhiteElo "2594"]
[BlackElo "2785"]
[TimeControl "180+1"]
[EndTime "14:57:19 PST"]
[Termination "Game drawn by repetition"]

1. Nf3 Nf6 2. d4 c5 3. dxc5 g6 4. g3 Bg7 5. Bg2 Na6 6. O-O Nxc5 7.
Be3 Ne6 8. c4 Ng4 9. Bc1 h5 10.
Nc3 d6 11. Ng5 h4 12. Nxe6 Bxe6 13. Bxb7 Nxh2 14. Kxh2 hxg3+ 15. Kxg3 Rb8 16. Bc6+ Bd7 17. Bxd7+ Qxd7 18. Rh1 Qf5 19. Rxh8+ Bxh8 20. Qd3 Qh5 21. Qf3 Be5+ 22. Kg2 Qh2+ 23. Kf1 Rc8 24. e3 Rxc4 25. Qa8+ Kd7 26. Qb7+ Rc7 27. Qe4 f5 28. Qg2 Qh5 29.
Bd2 Rc4 30. Qb7+ Rc7 31. Qb5+ Ke6 32. Qd5+ Kd7 33. Rc1 Rc5 34. Qb7+ Ke6 35. Qg2 Kf7 36. Ne2 Rxc1+ 37. Bxc1 Qh4 38. b3 Qb4 39. Qd5+ e6 40.
Qd2 Qe4 41. Ng1 Qh1 42. f3 Qh4 43. Qf2 Qb4 44. Qd2 Qb5+ 45. Kf2 Qc6 46. Bb2 Qa6 47. Bxe5 dxe5 48. Ne2 Qb6 49. f4 exf4 50. Qd7+ Kf6 51.
Nxf4 Qa6 52. Qd4+ e5 53. Qb2 Qc6 54. Ne2 Qe4 55. Qd2 Qh4+ 56. Kf1 Qh3+ 57. Ke1 Qh1+ 58. Kf2 Qh4+ 59. Kg1 Qg4+ 60. Kf1 Qh3+ 61. Kf2 Qh4+ 1/2-1/2

[Event "Late-Titled-Tuesday-Blitz-February-27-2024"]
[Site "Chess.com"]
[Date "2024.02.27"]
[Round "5"]
[White "dolynachess"]
[Black "robertoalejandro10"]
[Result "1-0"]
[WhiteElo "2468"]
[BlackElo "2590"]
[TimeControl "180+1"]
[EndTime "14:57:20 PST"]
[Termination "dolynachess won by resignation"]

1. d4 Nf6 2. c4 c5 3. Nf3 cxd4 4. Nxd4 Nc6 5. Nc3 g6 6. g3 Bg7 7. Bg2 O-O 8. O-O d6 9. Nc2 Be6 10. b3 Qd7 11. Bb2 Bh3 12. Qd2 Bxg2 13. Kxg2 Rad8 14. Rfd1 a6 15. Rac1 e6 16. f3 Rfe8 17. e4 d5 18.
cxd5 exd5 19. Nxd5 Nxd5 20. Bxg7 Kxg7 21. exd5 Ne5 22.
Ne3 Kg8 23. d6 Qe6 24. Qd5 Qf6 25. f4 Nc6 26. Ng4 Qe6 27. Qxe6 Rxe6 28. d7 Kg7 29. Kf3 Re7 30. Ne5 Nxe5+ 31. fxe5 Rexd7 32. Rxd7 Rxd7 33. Rc2 Kf8 34. Ke4 Ke7 35. g4 Ke6 36. Rf2 Rd1 37. Rf6+ Ke7 38. Rb6 Rd7 39. h4 h6 40. b4 Rc7 41. h5 gxh5 42. gxh5 Rc4+ 43. Kf5 Rc7 44. Rxh6 b5 45. Rxa6 Rc4 46. Ra7+ Kf8 47. h6 Kg8 48. h7+ Kg7 49. Rxf7+ Kh8 50. a3 Rf4+ 51. Ke6 Re4 52. Kf6 Rf4+ 53. Ke6 Re4 54. Rb7 Rxe5+ 55. Kd6 Rd5+ 56.
Kc6 Rc5+ 57. bxc5 b4 58. Rxb4 1-0

[Event "Late-Titled-Tuesday-Blitz-February-27-2024"]
[Site "Chess.com"]
[Date "2024.02.27"]
[Round "5"]
[White "MITerryble"]
[Black "Rud_Makarian"]
[Result "1/2-1/2"]
[WhiteElo "3024"]
[BlackElo "3094"]
[TimeControl "180+1"]
[EndTime "14:57:23 PST"]
[Termination "Game drawn by repetition"]

1. d4 Nf6 2. Bg5 d5 3. e3 Bf5 4. Bd3 Bxd3 5. Qxd3 e6 6. Qb3 Qc8 7. Bxf6 gxf6 8. c4 dxc4 9. Qxc4 Nd7 10. Nf3 Bd6 11.
Nc3 O-O 12. Rc1 a6 13. O-O f5 14. d5 e5 15. e4 f4 16. Nh4 Kh8 17. Nf5 Nf6 18. Kh1 Rg8 19. f3 Qd7 20. Ne2 Rac8 21. g3 fxg3 22. Nexg3 Rg6 23. Qb3 b5 24. Rc6 Rcg8 25.
Qc2 Ne8 26. Nh5 Qd8 27. Qf2 Qg5 28. Nhg3 Ng7 29. Rc2 Nh5 30. Nxh5 Qxh5 31. Rcc1 Qh3 32. Nxd6 cxd6 33. Rg1 Qh6 34. Rcf1 Rxg1+ 35. Rxg1 Rxg1+ 36. Kxg1 Qc1+ 37. Kg2 Kg7 38. Qg3+ Kf8 39. Qh4 Qxb2+ 40. Kg3 Ke8 41. Qf6 Qb4 42. Qh8+ Ke7 43. Qxh7 Qe1+ 44.
Kh3 Qf1+ 45. Kg3 Qg1+ 46. Kh3 Qg6 47. Qh8 Qf6 48. Qh5 Qg6 49. Qh8 Qf6 50. Qh5 a5 51. Qg4 Qh6+ 52. Kg3 Qg6 53. Kf2 b4 54. Qh4+ Kd7 55.
Qh3+ Kc7 56. Qh8 Qg5 57. Qa8 Qd2+ 58. Kg3 Qf4+ 59. Kg2 Qd2+ 60. Kg3 Qg5+ 61. Kh3 Qh5+ 62. Kg3 Qg5+ 63. Kh3 Qh5+ 64. Kg2 Qg5+ 65. Kf2 Qd2+ 66. Kg3 1/2-1/2

[Event "Late-Titled-Tuesday-Blitz-February-27-2024"]
[Site "Chess.com"]
[Date "2024.02.27"]
[Round "5"]
[White "Polish_fighter3000"]
[Black "SantoBlue"]
[Result "1-0"]
[WhiteElo "3100"]
[BlackElo "2978"]
[TimeControl "180+1"]
[EndTime "14:57:23 PST"]
[Termination "Polish_fighter3000 won by resignation"]

1. e4 c5 2. Nf3 d6 3. d4 cxd4 4. Nxd4 Nf6 5. Nc3 a6 6. Bg5 Nc6 7. Qd2 e6 8. O-O-O Bd7 9. Kb1 Nxd4 10. Qxd4 Be7 11. f3 Qc7 12. Qd2 h6 13. Be3 b5 14.
g4 Bc6 15. Rg1 d5 16. exd5 Nxd5 17. Nxd5 Bxd5 18. f4 Rd8 19. Bd3 Be4 20. Qe2 Bxd3 21.
Rxd3 O-O 22. Rc3 Qb7 23. h4 Qe4 24. g5 h5 25. Qxh5 Rc8 26. Bd2 b4 27. Rxc8 Rxc8 28. Qd1 a5 29. Bc1 a4 30. h5 b3 31. Ka1 bxc2 32.
Qd7 Rb8 33. Qxe7 Qd4 34. Rh1 Qd1 35. Qc7 Qxh1 36. Qxb8+ Kh7 37. g6+ fxg6 38. hxg6+ Kxg6 39. f5+ exf5 40. Qf4 Qg1 41. a3 Qg4 42. Qd6+ Kh7 43. Qh2+ Kg8 44. Qxc2 Kh7 45. Kb1 g6 46. Qh2+ Kg8 47.
Qf4 Qd1 48. Qb8+ Kh7 49. Qc7+ Kg8 50. Qc8+ Kh7 51. Qc2 Qd7 52. b3 axb3 53. Qxb3 Qe7 54. a4 g5 55. a5 f4 56. Qb6 Qe4+ 57. Kb2 Qe2+ 58. Kb3 Qd1+ 59. Kb2 Qe2+ 60. Kc3 Qe1+ 61. Bd2 Qe5+ 62. Kd3 Qd5+ 63. Qd4 Qb3+ 64. Ke2 Qb5+ 65. Qd3+ Qxd3+ 66. Kxd3 1-0